 Dungeon Crawl Stone Soup version 0.22.1-2-g9c5b331383 (webtiles) character file.

711 Descartes the Insei (level 7, 0/48 HPs)
             Began as a Vine Stalker Transmuter on Dec 16, 2018.
             Slain by a gnoll
             ... wielding a +0 halberd
              (4 damage)
             ... on level 5 of the Dungeon.
             The game lasted 00:16:30 (4421 turns).

Descartes the Insei (Vine Stalker Transmuter)       Turns: 4421, Time: 00:16:31

Health: 0/48       AC: 23    Str: 14      XL:     7   Next: 68%
Magic:  0/11       EV:  2    Int: 18 (19) God:
Gold:   262        SH:  0    Dex: 17      Spells: 9/10 levels left

rFire    . . .     SeeInvis .     - Unarmed
rCold    . . .     Gourm    .   (no shield)
rNeg     + + +     Faith    .   (armour currently unavailable)
rPois    +         Spirit   +   (helmet currently unavailable)
rElec    .         Reflect  .   (cloak currently unavailable)
rCorr    .         Harm     .   (gloves currently unavailable)
MR       .....     NoTele   +   (boots currently unavailable)
Stlth    ++........             (no amulet)
HPRegen  0.56/turn              c - +3 ring of dexterity
MPRegen  0.12/turn              o - +5 ring of slaying

@: brilliant, lethally poisoned (0 -> -1), tree-form
A: regeneration 1, magic shield, no potion heal 3, rot immunity
a: no special abilities


You were on level 5 of the Dungeon.
You were hungry.
You were a tree.
You visited 1 branch of the dungeon, and saw 5 of its levels.

You collected 262 gold pieces.

Inventory:

Hand Weapons
 b - a cursed +0 blowgun
 s - a +0 hunting sling
Missiles
 a - 100 arrows
 f - 8 needles of sleeping
 i - 32 poisoned needles
 p - 23 sling bullets
Armour
 g - a +0 helmet (melded)
 m - a +0 leather armour (melded)
Jewellery
 c - a +3 ring of dexterity (left branch)
 o - a +5 ring of slaying (right branch)
Scrolls
 e - 4 scrolls of identify
 k - 2 scrolls of teleportation
 l - 2 scrolls of remove curse
 t - a scroll of amnesia
Potions
 h - 2 potions of might
 q - 2 potions of degeneration
Comestibles
 d - 4 rations
 j - 5 chunks of flesh


   Skills:
 - Level 0.8 Fighting
 + Level 3.6 Dodging
 * Level 6.5 Unarmed Combat
 - Level 2.1 Spellcasting
 + Level 4.4 Transmutations


You had 9 spell levels left.
You knew the following spells:

 Your Spells              Type           Power        Failure   Level  Hunger
a - Beastly Appendage     Tmut           ####..       1%          1    #......

Your spell library contained the following spells:

 Spells                   Type           Power        Failure   Level  Hunger
 Sticks to Snakes         Tmut           ####....     1%          2    ###....
 Spider Form              Tmut/Pois      ###.......   2%          3    ###....
 Ice Form                 Ice/Tmut       ###.....     8%          4    #####..
 Blade Hands              Tmut           ####......   9%          5    ######.


Dungeon Overview and Level Annotations

Branches:
Dungeon (5/15)
 Temple: D:4-7

Altars:


Innate Abilities, Weirdness & Mutations

((You have extremely sharp teeth.))
Your natural rate of healing is unusually fast.
When hurt, damage is shared between your health and your magic reserves.
((Your bite disrupts and absorbs the magic of your enemies.))
Potions cannot restore your health.
You are immune to rotting.


Message History

You feel sick. The gnoll hits you but does no damage.
You feel sick. The gnoll barely misses you.
The gnoll hits you but does no damage.
You feel sick. The gnoll hits you but does no damage.
The gnoll hits you but does no damage.
You feel sick.
The gnoll hits you from afar with a halberd.
* * * LOW HITPOINT WARNING * * *
You feel sick.
The gnoll hits you from afar with a halberd.
* * * LOW HITPOINT WARNING * * *
The gnoll hits you but does no damage. The gnoll hits you but does no damage.
You feel sick. The gnoll hits you but does no damage.
The gnoll hits you from afar with a halberd.
You feel sick. The gnoll hits you but does no damage.
The gnoll hits you but does no damage. The gnoll hits you but does no damage.
The gnoll hits you from afar with a halberd.
You die...

.....#### ###.....#####
###.......### ###.......####
#####.#....##### #..###..)..#
#### ##...§§###...#
#...##...###.## .# ..........
#♣§# ............##.##### ### #
............ #.gg..###.... .
###............######g##..... ..
..##.........(## ####)...## ##..
#...# ...# #g.......# #...
#.#.####.########..######.##..###
...(........).....# #.#......
###.(.......)..##########.g..###


You could see 2 gnolls.

Vanquished Creatures
  A sky beast (D:5)
  An ice beast (D:5)
  A centaur (D:5)
  A gnoll sergeant (D:5)
  2 scorpions (D:4)
  2 hounds
  An orc wizard (D:5)
  A bullfrog skeleton (D:4)
  Ijyb (D:3)
  A gnoll (D:4)
  4 adders
  3 oozes
  2 dart slugs (D:3)
  4 leopard geckos
  9 orcs
  4 giant cockroaches
  6 goblins
  3 hobgoblins
  10 jackals
  3 quokkas
  A ball python skeleton (D:5)
  2 bats
  3 frilled lizards
  4 kobolds
  9 rats
79 creatures vanquished.

Notes
Turn   | Place    | Note
-------+----------+-------------------------------------------
     0 | D:1      | Descartes the Vine Stalker Transmuter began the quest for
                  | the Orb.
     0 | D:1      | Reached XP level 1. HP: 9/9 MP: 4/4
   173 | D:1      | Reached XP level 2. HP: 14/14 MP: 3/6
  1216 | D:2      | Reached XP level 3. HP: 17/17 MP: 7/7
  1710 | D:2      | Reached skill level 4 in Unarmed Combat
  1710 | D:2      | Gained mutation: Your natural rate of healing is unusually
                  | fast. [Vine Stalker growth]
  1710 | D:2      | Reached XP level 4. HP: 15/21 MP: 5/8
  2428 | D:3      | Noticed Ijyb
  2436 | D:3      | Paralysed by Ijyb for 5 turns
  2448 | D:3      | Paralysed by Ijyb for 6 turns
  2464 | D:3      | Paralysed by Ijyb for 5 turns
  2474 | D:3      | Killed Ijyb
  2691 | D:3      | Reached XP level 5. HP: 21/25 MP: 7/9
  3512 | D:4      | Reached skill level 5 in Unarmed Combat
  3512 | D:4      | Reached XP level 6. HP: 23/29 MP: 7/10
  3976 | D:5      | Entered Level 5 of the Dungeon
  4052 | D:5      | Reached XP level 7. HP: 31/32 MP: 8/11
  4114 | D:5      | Reached skill level 6 in Unarmed Combat
  4411 | D:5      | HP: 2/48 [gnoll/halberd (2)]
  4418 | D:5      | HP: 2/48 [poisoned by a gnoll sergeant]
  4421 | D:5      | Slain by a gnoll

Skill      XL: |  1  2  3  4  5  6  7 |
---------------+----------------------+-----
Dodging        | 2 3 |  3.6
Unarmed Combat | 4 5 6 |  6.5
Transmutations | 3 4 |  4.4
Fighting       | |  0.8
Spellcasting   | |  2.1

Action                   |  1- 3 |  4- 6 |  7- 9 || total
-------------------------+-------+-------+-------++-------
Melee: Unarmed           |    95 |   142 |    31 ||   268
       Headbutt          |     4 |       |       ||     4
       Bite              |    22 |    33 |     9 ||    64
       Kick              |     3 |    13 |     3 ||    19
       Punch             |     1 |     1 |     1 ||     3
 Cast: Beastly Appendage |     5 |    10 |     3 ||    18
  Use: Scroll            |       |     6 |     1 ||     7
       Potion            |       |     4 |     3 ||     7
 Stab: Sleeping          |     1 |     1 |       ||     2
  Eat: Chunk             |     3 |     7 |     1 ||    11
Armor: Robe              |    14 |     2 |       ||    16
       Leather armour    |       |    26 |     7 ||    33
       Skin              |       |       |    15 ||    15
Dodge: Dodged            |    57 |    76 |    16 ||   149
